 Dungeon Crawl Stone Soup version 0.32-a0-886-g41c5271027 (webtiles) character file.

Game seed: 11111340488094358589

6421 Autsider the Reanimator (level 10, -2/79 HPs)
             Began as a Demonspawn Necromancer on Apr 2, 2024.
             Was a Priest of Vehumet.
             Killed by vampiric draining
             ... invoked by a vampire
              (8 damage)
             ... on level 10 of the Dungeon.
             The game lasted 00:27:58 (8926 turns).

Autsider the Reanimator (Demonspawn Necromancer)    Turns: 8926, Time: 00:27:58

Health: -2/79      AC: 10    Str: 13    XL:     10   Next: 66%
Magic:  20/21      EV: 13    Int: 19    God:    Vehumet [***...]
Gold:   584        SH: 17    Dex: 17    Spells: 10/23 levels left

rFire   x . .        n - +8 mace of Duapsemm {drain, rPois rC+}
rCold   + . .        E - +4 tower shield of Tortured Knowledge {Harm Fly rF- rCorr}
rNeg    . . .        K - +0 ring mail of Whack-A-Mole {Str+4 Dex+3}
rPois   +            (no helmet)
rElec   .            s - +0 cloak
rCorr   +            (no gloves)
SInv    .            (no boots)
Will    .....        (no amulet)
Stlth   +            p - +4 ring of slaying
HPRegen 0.33/turn    A - +5 ring of evasion
MPRegen 0.17/turn

%: harm (+30% outgoing, +20% incoming)
@: flying, hasted, very quick
A: hooves 2, slimy green scales 3, spiny 2
a: Renounce Religion


You were on level 10 of the Dungeon.
You worshipped Vehumet.
Vehumet was most pleased with you.
You visited 1 branch of the dungeon, and saw 10 of its levels.
You also visited: Ossuary.

You collected 584 gold pieces.

Inventory:

Hand Weapons
 n - the +8 mace of Duapsemm (weapon) {drain, rPois rC+}
   (You found it on level 3 of the Dungeon)

   rC+:       It protects you from cold.
   rPois:     It protects you from poison.
Missiles
 w - 2 throwing nets
Armour
 a - a +0 robe
 c - a +1 ring mail of poison resistance
 j - a +1 robe of positive energy
 s - a +0 cloak (worn)
 E - the +4 tower shield of Tortured Knowledge (worn) {Harm Fly rF- rCorr}
   (You found it on level 7 of the Dungeon)

   rF-:       It makes you vulnerable to fire.
   Fly:       It grants you flight.
   rCorr:     It protects you from acid and corrosion.
   Harm:      It increases damage dealt and taken.
 K - the +0 ring mail of Whack-A-Mole (worn) {Str+4 Dex+3}
   (You found it on level 8 of the Dungeon)

   Str+4:     It affects your strength (+4).
   Dex+3:     It affects your dexterity (+3).
 L - a +1 plate armour of cold resistance
Magical Staves
 G - a staff of earth
Jewellery
 p - a +4 ring of slaying (left hand)
 A - a +5 ring of evasion (right hand)
 B - a ring of protection from cold
 C - a ring of protection from cold
 H - a ring of positive energy
 I - a ring of protection from cold
Scrolls
 d - 2 scrolls of vulnerability {unknown}
 g - 2 scrolls of teleportation
 l - 2 scrolls of brand weapon {unknown}
 q - 13 scrolls of identify {unknown}
 r - 2 scrolls of poison {unknown}
 v - a scroll of noise {unknown}
 x - a scroll of fear {unknown}
 y - a scroll of fog {unknown}
 D - a scroll of amnesia {unknown}
Potions
 b - a potion of mutation {unknown}
 e - 5 potions of curing {unknown}
 f - a potion of magic
 h - 5 potions of degeneration {unknown}
 i - 3 potions of attraction {unknown}
 k - 2 potions of heal wounds {unknown}
 m - 6 potions of haste
 o - a potion of enlightenment {unknown}
 t - a potion of ambrosia {unknown}
 u - a potion of brilliance {unknown}
 z - 3 potions of lignification {unknown}
 F - a potion of berserk rage {unknown}
 J - a potion of cancellation {unknown}
 M - a potion of resistance {unknown}


   Skills:
 + Level 7.5 Fighting
 + Level 2.6 Armour
 + Level 7.0 Dodging
 - Level 1.7 Stealth
 + Level 3.9 Shields
 + Level 7.3 Spellcasting
 + Level 9.7 Necromancy


You had 10 spell levels left.
You knew the following spells:

 Your Spells              Type           Power      Damage    Failure   Level
a - Necrotise             Necr           100%       1d9       6%          1
b - Vampiric Draining     Necr           44%        2d9       17%         3
c - Animate Dead          Necr           44%        N/A       50%         4
d - Curse of Agony        Necr           44%        N/A       85%         5

Your spell library contained the following spells:

 Spells                   Type           Power      Damage    Failure   Level
 Hailstorm                Conj/Ice       6%         3d5       90%         3
 Inner Flame              Hex/Fire       6%         N/A       90%         3
 Volatile Blastmotes      Fire/Tloc      12%        2d11      90%         3
 Flame Wave               Conj/Fire      6%         2d5       99%         4
 Fulminant Prism          Conj/Alch      3%         3d5       99%         4
 Iskenderun's Mystic Bla Conj/Tloc 6%             2d4        (+2d1     99%         4
 Sticky Flame             Fire/Alch      6%         2d4       99%         4
 Summon Blazeheart Golem  Fire/Summ      6%         N/A       100%        4
 Conjure Ball Lightning   Conj/Air       3%         3x3d6     100%        6
 Orb of Destruction       Conj           3%         9d5       100%        7
 Spellforged Servitor     Conj/Summ      3%         N/A       100%        7
 Discord                  Hex            3%         N/A       100%        8
 Disjunction              Tloc           3%         N/A       100%        8


Dungeon Overview and Level Annotations

Branches:
Dungeon (10/15)            Temple (0/1) D:6             Orc (0/2) D:9
Ossuary (visited)
   Lair: D:8-11

Altars:
Ashenzari
Dithmenos
Gozag
Hepliaklqana
Kikubaaqudgha
Makhleb
Okawaru
Ru
Sif Muna
Vehumet
Xom
Yredelemnul

Shops:
D:2 (


Innate Abilities, Weirdness & Mutations

You have hoof-like feet.
You are completely covered in slimy green scales. (AC +4, rPois)
You are mostly covered in sharp spines.


Message History

The howler monkey zombie is heavily damaged.
You block the howler monkey zombie's attack.
Something hits you.
* * * LOW HITPOINT WARNING * * *
Something bites you.
* * * LOW HITPOINT WARNING * * *
Something draws strength from your injuries!
You block the howler monkey zombie's attack.
You block something's attack. Something bites you.
* * * LOW HITPOINT WARNING * * *
Something draws strength from your injuries!
You barely miss the howler monkey zombie.
You kick the howler monkey zombie.
The howler monkey zombie is heavily damaged.
The howler monkey zombie barely misses you.
You block something's attack. Something completely misses you.
You block the howler monkey zombie's attack.
Something hits you.
* * * LOW HITPOINT WARNING * * *
Something bites you.
* * * LOW HITPOINT WARNING * * *
Something draws strength from your injuries!
You sock the howler monkey zombie!
You destroy the howler monkey zombie!
Vehumet accepts your kill.
Vehumet is now aiding your destructive spells.
You block something's attack. x2; Something hits you!
* * * LOW HITPOINT WARNING * * *
You block something's attack.
Okay, then.
Okay, then.
It was a potion of haste.
You feel yourself speed up.
You hear some strange, mumbled words.
Something tries to affect you, but you resist.
Reactivating autopickup.
A vampire appears from thin air!
You sock the vampire!
The vampire is heavily damaged.
The vampire draws life force from you!
You die...

#......#.#* *****,,,,,*
##.~~~....# *,,,,,*****
###..~~~~...# *,*****
*#...P~~~~...# **,*
*******,,*#.~~~~.#****,,*
*,,,,,,,**#...~P.####,,**
*,,,,,,,* ####..#.....**
*,,,,,,.######.V#.####*
**###...........@.##
#############.#.>.#*****
#############.#.#.....,*******
############....######,,,,,,,***
###########...### *******,,,*
###########>.### ***,*
######.........# *,*
######.........# *,*
######.<.......# *,*


You could see a vampire.

Vanquished Creatures
  Pikel (D:4)
  Psyche (D:9)
  A wyvern (D:8)
  A vampire (D:9)
  10 yaks
  A steam dragon (D:9)
  An ice beast (D:7)
  A black bear (D:7)
  An ogre (D:6)
  A centaur (D:9)
  2 orc warriors (D:9)
  4 lemures (D:4)
  3 phantoms
  A weeping skull (D:9)
  A kobold brigand (D:8)
  2 gnoll sergeants (D:5)
  3 scorpions
  A burial acolyte (Ossuary)
  9 wights
  9 killer bees
  A howler monkey (D:6)
  A human zombie (D:9)
  3 hounds
  3 centaur zombies
  5 orc priests
  4 bombardier beetles
  A jelly (D:6)
  2 sleepcaps (D:6)
  3 iguanas (D:5)
  Natasha (twice) (D:4)
  7 orc wizards
  4 mummies
  5 howler monkey zombies
  16 gnolls
  9 adders
  A white imp (D:7)
  4 ufetubi
  4 dart slugs
  A ribbon worm (D:2)
  37 orcs
  4 bats
  6 endoplasms
  A giant cockroach (D:1)
  5 goblins
  5 hobgoblins
  2 jackals (D:2)
  9 kobolds
  2 quokkas
  7 ball pythons
  4 frilled lizards
  4 gnoll skeletons (Ossuary)
  10 kobold skeletons (Ossuary)
  6 orc skeletons (Ossuary)
  8 rats
240 creatures vanquished.

Vanquished Creatures (collateral kills)
  Natasha (D:4)
  A gnoll (D:3)
  A ball python (D:1)
  2 kobolds (D:1)
5 creatures vanquished.

Grand Total: 245 creatures vanquished

Notes
Turn   | Place    | Note
-------+----------+-------------------------------------------
     0 | D:1      | Autsider the Demonspawn Necromancer began the quest for the
                  | Orb.
     0 | D:1      | Reached XP level 1. HP: 13/13 MP: 3/3
   148 | D:1      | Gained mutation: You have large cloven feet. [demonic
                  | ancestry]
   148 | D:1      | Reached XP level 2. HP: 15/20 MP: 3/5
   354 | D:1      | Reached skill level 1 in Fighting
   472 | D:1      | Reached skill level 5 in Necromancy
   521 | D:1      | Gained mutation: You are partially covered in slimy green
                  | scales. (AC +2) [demonic ancestry]
   521 | D:1      | Reached XP level 3. HP: 26/26 MP: 3/6
   897 | D:1      | Learned a level 3 spell: Vampiric Draining
  1176 | D:2      | Found Bigogew's Weapon Shoppe.
  1198 | D:2      | Found a hazy altar of Hepliaklqana.
  1795 | D:3      | Identified the +8 mace of Duapsemm {drain, rPois rC+}
  1842 | D:3      | Found an opulent altar of Gozag.
  1867 | D:3      | Gained mutation: You are partially covered in sharp spines.
                  | [demonic ancestry]
  1867 | D:3      | Reached XP level 4. HP: 25/33 MP: 4/8
  1953 | D:3      | Found a shimmering blue altar of Sif Muna.
  2074 | D:3      | Found a shadowy altar of Dithmenos.
  2274 | D:3      | Found a faded altar of an unknown god.
  2324 | D:4      | Gained mutation: You have hoof-like feet. [demonic
                  | ancestry]
  2324 | D:4      | Reached XP level 5. HP: 38/38 MP: 6/9
  2372 | D:4      | Noticed a lemure
  2372 | D:4      | Noticed a lemure
  2387 | D:4      | Found a sand-covered staircase.
  2391 | D:4      | Killed a lemure
  2392 | D:4      | Noticed Pikel
  2398 | Ossuary  | Entered an ossuary
  2568 | Ossuary  | Gained mutation: You are mostly covered in slimy green
                  | scales. (AC +3) [demonic ancestry]
  2568 | Ossuary  | Reached XP level 6. HP: 20/46 MP: 3/11
  2736 | Ossuary  | Reached skill level 6 in Necromancy
  2819 | D:4      | HP: 2/46 [Pikel/+1 whip of flaming (4)]
  2820 | D:4      | Killed Pikel
  2821 | D:4      | Reached XP level 7. HP: 1/54 MP: 2/13
  3179 | D:4      | Noticed Natasha
  3185 | D:4      | Killed Natasha
  3193 | D:4      | Noticed Natasha
  3199 | D:4      | Killed Natasha
  3200 | D:4      | Reached skill level 7 in Necromancy
  3333 | D:4      | Gained mutation: You are mostly covered in sharp spines.
                  | [demonic ancestry]
  3333 | D:4      | Reached XP level 8. HP: 48/61 MP: 11/14
  3422 | D:4      | Noticed Natasha
  3427 | D:4      | Killed Natasha
  3691 | D:5      | Entered Level 5 of the Dungeon
  3705 | D:5      | Reached skill level 5 in Spellcasting
  3853 | D:5      | Reached skill level 5 in Fighting
  4108 | D:5      | Learned a level 4 spell: Animate Dead
  4114 | D:5      | Learned a level 5 spell: Curse of Agony
  4177 | D:5      | Reached skill level 5 in Dodging
  4402 | D:5      | Found a broken altar of Ashenzari.
  4509 | D:5      | Reached skill level 8 in Necromancy
  4851 | D:5      | Found a radiant altar of Vehumet.
  4854 | D:5      | Found a shimmering altar of Xom.
  4860 | D:5      | Became a worshipper of Vehumet
  4867 | D:5      | Found an iron altar of Okawaru.
  5010 | D:6      | Reached XP level 9. HP: 65/69 MP: 17/17
  5153 | D:6      | Found a staircase to the Ecumenical Temple.
  5248 | D:6      | Found an ancient bone altar of Kikubaaqudgha.
  5862 | D:7      | Identified the +4 tower shield of Tortured Knowledge {Harm
                  | Fly rF- rCorr}
  6040 | D:7      | Reached * piety under Vehumet
  6040 | D:7      | Offered knowledge of Shock by Vehumet.
  6218 | D:7      | Found a sacrificial altar of Ru.
  6660 | D:8      | Reached skill level 1 in Shields
  7121 | D:8      | Reached skill level 9 in Necromancy
  7198 | D:8      | Identified the +0 ring mail of Whack-A-Mole {Str+4 Dex+3}
  7974 | D:9      | Gained mutation: You are completely covered in slimy green
                  | scales. (AC +4, rPois) [demonic ancestry]
  7974 | D:9      | Reached XP level 10. HP: 76/77 MP: 20/20
  7977 | D:9      | Found a staircase to the Orcish Mines.
  8002 | D:9      | Reached skill level 1 in Armour
  8010 | D:9      | Reached ** piety under Vehumet
  8011 | D:9      | Offered knowledge of Foxfire by Vehumet.
  8317 | D:9      | Found a burning altar of Makhleb.
  8379 | D:9      | Offered knowledge of Hailstorm by Vehumet.
  8536 | D:9      | Noticed Psyche
  8539 | D:9      | Killed Psyche
  8545 | D:9      | Found a hazy altar of Hepliaklqana.
  8821 | D:9      | Found a basalt altar of Yredelemnul.
  8893 | D:10     | Entered Level 10 of the Dungeon
  8922 | D:10     | Reached *** piety under Vehumet
  8926 | D:10     | Killed from afar by a vampire

Illustrated notes

Levels and vault maps discovered:
D:1:      mrwooster_arrival_statue_2, layout_rooms
D:2:      wander_river, layout_basic, basic_altar, serial_shops, shop,
          minmay_gold_behind_fungi
D:3:      layout_basic, nicolae_gozag_seed_capital,
          mainiacjoe_overflow_surrounded_room, nicolae_sif_muna_condensation,
          basic_ecumenical_altar
D:4:      layout_cave_pools, nicolae_ossuary_entry_monument, uniq_natasha,
          uniq_pikel
D:5:      layout_basic, cheibrodos_ashenzari_chains,
          grunt_temple_overflow_diamond
D:6:      layout_loops_corners, mainiacjoe_overflow_paths,
          minmay_temple_entry_stoned_glass
D:7:      layout_gridville, nicolae_ru_the_path_less_chosen
D:8:      layout_layer_cave
D:9:      layout_basic, lemuel_crystal_altar, kennysheep_little_box,
          lemuel_mausoleum_altar_yredelemnul, david_orc_2, uniq_psyche
D:10:     cheibrodos_elevator_heist, layout_rooms, serial_undead,
          serial_undead_f, serial_undead_f, serial_undead_f, serial_undead_a,
          serial_undead_e, serial_undead_f, enter_bailey_6

Skill      XL: |  1  2  3  4  5  6  7  8  9 10 |
---------------+-------------------------------+-----
Fighting       | 1 2 4 5 6 7 |  7.5
Necromancy     | 5 6 7 8 9 |  9.7
Dodging        | 2 3 4 5 6 7 |  7.0
Spellcasting   | 3 4 5 6 7 |  7.3
Shields        | 2 3 |  3.9
Armour         | 2 |  2.6
Stealth        | |  1.7

Action                     |  1- 3 |  4- 6 |  7- 9 | 10-12 || total
---------------------------+-------+-------+-------+-------++-------
  Melee: Unarmed           |    11 |       |       |       ||    11
         Punch             |     1 |       |       |       ||     1
         Dagger            |    10 |       |       |       ||    10
         Mace              |     8 |    58 |   153 |   100 ||   319
         Kick              |     3 |    13 |    45 |    25 ||    86
   Cast: Necrotise         |    59 |    16 |    49 |       ||   124
         Vampiric Draining |       |     5 |    17 |       ||    22
         Animate Dead      |       |       |     1 |       ||     1
    Use: Potion            |     1 |       |       |     1 ||     2
         Scroll            |       |     5 |       |     1 ||     6
   Stab: Sleeping          |       |       |     1 |     2 ||     3
 Armour: Robe              |    23 |    38 |    83 |       ||   144
         Ring mail         |       |       |     3 |    68 ||    71
  Dodge: Dodged            |    29 |    34 |   103 |    51 ||   217
  Block: Tower shield      |       |       |    94 |   144 ||   238

Table legend: (Time is in decaauts)
 A = Elapsed time spent in this place.
 B = Non-inter-level travel time spent in this place.
 C = Inter-level travel time spent in this place.
 D = Time resting spent in this place.
 E = Time spent auto-exploring this place.
 F = Levels seen in this place.
 G = Mean time per level.
                   A        B        C        D        E       F      G
               +--------+--------+--------+--------+--------+-----+--------+
         Total |   9162 |   8707 |    455 |    340 |   6795 |  11 |  832.9 |
       Dungeon |   8785 |   8330 |    455 |    242 |   6679 |  10 |  878.5 |
       Ossuary |    377 |    377 |      0 |     98 |    116 |   1 |  377.0 |
               +--------+--------+--------+--------+--------+-----+--------+

Top non-repeatable levels by time:
     D:8: 1345 daAuts
     D:5: 1243 daAuts
     D:9: 1037 daAuts
     D:4: 1008 daAuts
     D:1: 941 daAuts
     D:6: 897 daAuts
     D:2: 845 daAuts
     D:7: 836 daAuts
     D:3: 587 daAuts
 Ossuary: 377 daAuts
    D:10: 41 daAuts
